 Dungeon Crawl Stone Soup version 0.27.1-33-g824d729ab1 (webtiles) character file.

Game seed: 9517856756083958927

55 SensoryNuts the Slasher (level 3, 0/31 HPs)
             Began as a Draconian Monk on Dec 10, 2021.
             Was a Believer of Elyvilon.
             Slain by a hobgoblin (3 damage)
             ... led by Robin
             ... on level 2 of the Dungeon.
             The game lasted 00:01:55 (1094 turns).

SensoryNuts the Slasher (Draconian Monk)            Turns: 1094, Time: 00:01:56

Health: 0/31       AC:  5    Str: 14    XL:     3   Next: 67%
Magic:  1/3        EV: 13    Int: 10    God:    Elyvilon [**....]
Gold:   30         SH:  0    Dex: 13    Spells: 2/2 levels left

rFire    . . .     SeeInvis .   a - +0 falchion
rCold    . . .     Faith    .   (no shield)
rNeg     . . .     Spirit   .   (armour unavailable)
rPois    .         Reflect  .   (helmet restricted)
rElec    .         Harm     .   (no cloak)
rCorr    .         Rampage  .   (no gloves)
Will     .....                  (no boots)
Stlth    ++........             (no amulet)
HPRegen  0.10/turn              (no ring)
MPRegen  0.08/turn              (no ring)

@: divinely protected
A: AC +5, unfitting armour, cold-blooded
a: Renounce Religion, Lesser Healing, Heal Other, Divine Protection


You were on level 2 of the Dungeon.
You worshipped Elyvilon.
Elyvilon was pleased with you.
You visited 1 branch of the dungeon, and saw 2 of its levels.

You collected 30 gold pieces.

Inventory:

Hand Weapons
 a - a +0 falchion (weapon)
Scrolls
 b - a scroll of brand weapon {unknown}
 c - a scroll of magic mapping {unknown}
 d - a scroll of enchant weapon {unknown}
 e - 3 scrolls of summoning {unknown}
 g - a scroll of identify {unknown}
 i - a scroll of fog {unknown}
Potions
 f - a potion of brilliance {unknown}
 h - a potion of invisibility {unknown}


   Skills:
 + Level 3.6 Fighting
 + Level 4.1 Long Blades
 + Level 3.1 Dodging
 + Level 1.9 Stealth


You had 2 spell levels left.
You didn't know any spells.
Your spell library was empty.

Dungeon Overview and Level Annotations

Branches:
Dungeon (2/15)

Altars:
Elyvilon

Annotations:
D:2 Robin


Innate Abilities, Weirdness & Mutations

Your plain brown scales are hard. (AC +5)
You cannot fit into any form of body armour.
You are cold-blooded and may be slowed by cold attacks.


Message History

The hobgoblin hits you but does no damage.
The goblin barely misses you.
You closely miss the hobgoblin.
The hobgoblin is lightly wounded.
The hobgoblin closely misses you. The goblin hits you but does no damage.
You hit the hobgoblin but do no damage.
The hobgoblin is lightly wounded.
The goblin hits you with a +0 club.
The hobgoblin hits you but does no damage.
Robin hits you with a +0 dagger. The goblin hits you with a +0 dagger.
A goblin comes into view. It is wielding a +0 dagger.
You barely miss the hobgoblin.
The hobgoblin is lightly wounded.
The hobgoblin hits you. The goblin completely misses you.
A giant cockroach comes into view.
Robin laughs in a distinctly smug fashion.
Robin throws the goblin at you! The goblin hits you but does no damage.
A goblin comes into view. It is wielding a +0 dagger.
The hobgoblin hits you but does no damage.
The goblin hits you with a +0 club.
* * * LOW HITPOINT WARNING * * *
The hobgoblin closely misses you.
You are healed.
Robin roars a battlecry!
The hobgoblins go into a battle-frenzy!
The goblin closely misses you. The hobgoblin closely misses you.
You riposte.
You completely miss the hobgoblin. The hobgoblin misses you.
You riposte.
You slash the hobgoblin!
You kill the hobgoblin!
The goblin hits you with a +0 club.
* * * LOW HITPOINT WARNING * * *
You hear a shout! x2
You beseech Elyvilon to protect your life.
The goblin hits you with a +0 dagger.
* * * LOW HITPOINT WARNING * * *
Robin throws the goblin at you! The goblin hits you with a +0 dagger.
* * * LOW HITPOINT WARNING * * *
A goblin comes into view. It is wielding a +0 club.
The hobgoblin hits you.
You die...

..# #........)..##
.##
##..#....###[.....
.
#..##....#)#.....#
.
........##.##.###..
#..##....#.#...# .
... #..##.##..## .
##
....#)#...####...
.####.##.g.g....#
..#....@g.####
$..#..#g†g.# #?.
#..g##B.# ## #.##g
..# ..# #. .... #..
.# ..... ## #
...... #..###


You could see Robin, a giant cockroach, 2 hobgoblins and 4 goblins.

Vanquished Creatures
  2 adders (D:2)
  A worm (D:2)
  4 bats
  2 endoplasms
  A giant cockroach (D:1)
  2 goblins (D:2)
  6 hobgoblins
  3 jackals (D:1)
  A quokka (D:1)
  3 ball pythons
  A frilled lizard (D:1)
  2 kobolds (D:1)
  4 rats (D:1)
32 creatures vanquished.

Notes
Turn   | Place    | Note
-------+----------+-------------------------------------------
     0 | D:1      | SensoryNuts the Draconian Monk began the quest for the Orb.
     0 | D:1      | Reached XP level 1. HP: 19/19 MP: 1/1
   264 | D:1      | Reached XP level 2. HP: 26/26 MP: 2/2
   780 | D:2      | Reached XP level 3. HP: 13/31 MP: 3/3
   985 | D:2      | Found a faded altar of an unknown god.
  1032 | D:2      | Became a worshipper of Elyvilon the Healer
  1032 | D:2      | Reached * piety under Elyvilon
  1032 | D:2      | Reached ** piety under Elyvilon
  1068 | D:2      | Reached skill level 4 in Long Blades
  1084 | D:2      | Noticed Robin
  1094 | D:2      | Slain by a hobgoblin

Illustrated notes

Levels and vault maps discovered:
D:1:      dpeg_arrival_long_road, layout_rooms
D:2:      layout_rooms, hellmonk_ecumenical_altar_run_dry, minmay_vboxes,
          uniq_robin, uniq_natasha

Skill      XL: |  1  2  3 |
---------------+----------+-----
Dodging        | 3 |  3.1
Long Blades    | 4 |  4.1
Fighting       | |  3.6
Stealth        | |  1.9

Action                   || total
-------------------------++-------
Melee: Falchion          ||    89
       Tailslap          ||    14
Invok: Lesser Healing    ||     2
       Divine Protection ||     1
 Stab: Sleeping          ||     1
Armor: Skin              ||    30
Dodge: Dodged            ||    65
       Rpst.: Falchion   ||    23
